PAA
CASPER GHOSTS @ LANNISTER UNITED LIONHEARTS
09/14/2021
 
TOP OF THE 1ST
Casper Ghosts batting - Pitching for Lannister United Lionhearts : RHP Enrique García
Pitching: RHP Enrique García
Batting: LHB Terry Johnson 0-0: Ball
1-0: Ball
2-0: Ball
3-0: Base on Balls
Batting: SHB José Juárez 0-0: Ball
1-0: Ball
Terry Johnson steals 2nd base
2-0: Foul Ball, location: 2F
2-1: Foul Ball, location: 2F
2-2: SINGLE (Line Drive, 4M)
Terry Johnson to third
Batting: RHB Dave Young 0-0: Foul Ball, location: 2F
0-1: Ball
1-1: Ball
2-1: Fly out, F9 (Line Drive, 89M)
Runner from 3rd tags up, SCORES, throw made
Batting: RHB Lorenzo Díaz 0-0: Foul Ball, location: 2F
0-1: Foul Ball, location: 2F
0-2: Foul Ball, location: 2F
0-2: Ball
1-2: Foul Ball, location: 2F
1-2: Fly out, F9 (Flyball, 9M)
Batting: RHB Seon-keun Kim 0-0: Ball
1-0: Called Strike
1-1: Ball
2-1: Ball
3-1: Fly out, F2 (Popup, 2LF)
Top of the 1st over - 1 run(s), 1 hit(s), 0 error(s), 1 left on base; Casper 1 - Lannister United 0
BOTTOM OF THE 1ST
Lannister United Lionhearts batting - Pitching for Casper Ghosts : LHP Jeffrey Brown
Pitching: LHP Jeffrey Brown
Batting: RHB Tristan Kuhn 0-0: Ground out 6-3 (Groundball, 6M)
Batting: RHB Joe Runyon 0-0: Ground out 4-3 (Groundball, 4)
Batting: LHB Kenko Ueda 0-0: Fly out, F4 (Popup, 8RS)
Bottom of the 1st over - 0 run(s), 0 hit(s), 0 error(s), 0 left on base; Casper 1 - Lannister United 0
TOP OF THE 2ND
Casper Ghosts batting - Pitching for Lannister United Lionhearts : RHP Enrique García
Batting: SHB Tim Fowler 0-0: Called Strike
0-1: Ball
1-1: Ball
2-1: Ground out 4-3 (Groundball, 4)
Batting: LHB Harrison Jones 0-0: Called Strike
0-1: Foul Ball, location: 2F
0-2: Strikes out swinging
Batting: RHB Warner Robinson 0-0: Called Strike
0-1: Ball
1-1: Ball
2-1: Ball
3-1: Base on Balls
Batting: RHB Mark Davis 0-0: Ball
1-0: Ball
2-0: Swinging Strike
2-1: Ball
3-1: Swinging Strike
3-2: Strikes out looking
Top of the 2nd over - 0 run(s), 0 hit(s), 0 error(s), 1 left on base; Casper 1 - Lannister United 0
BOTTOM OF THE 2ND
Lannister United Lionhearts batting - Pitching for Casper Ghosts : LHP Jeffrey Brown
Batting: RHB Chris Hopkins 0-0: Ball
1-0: Foul Ball, location: 2F
1-1: Foul Ball, location: 2F
1-2: Foul Ball, location: 2F
1-2: Fly out, F7 (Flyball, 7LS)
Batting: RHB Pedro Herrera 0-0: Ball
1-0: Ball
2-0: Foul Ball, location: 2F
2-1: Ball
3-1: Ground out 4-3 (Groundball, 4)
Batting: RHB Cale Beazley 0-0: Called Strike
0-1: Foul Ball, location: 2F
0-2: Ball
1-2: Ball
2-2: Ball
3-2: Base on Balls
Batting: LHB Carl Duncan 0-0: Called Strike
0-1: Ball
1-1: Called Strike
1-2: Foul Ball, location: 2F
1-2: Foul Ball, location: 2F
1-2: Ball
2-2: DOUBLE (Line Drive, 9LM)
Cale Beazley to third
Runner from 3rd tries for Home, SAFE, no throw or cutoff
Batting: RHB Bartolo Martínez 0-0: Called Strike
0-1: Ball
1-1: SINGLE (Groundball, 6M)
Carl Duncan to third
Runner from 3rd tries for Home, SAFE, no throw or cutoff
Batting: RHB Curt Monroe 0-0: Ball
1-0: Ball
2-0: Ball
3-0: Called Strike
3-1: Foul Ball, location: 2F
3-2: Base on Balls
Bartolo Martínez to second
Batting: RHB Tristan Kuhn 0-0: Ball
1-0: Foul Ball, location: 2F
1-1: Ball
2-1: Fly out, F9 (Popup, 9S)
Bottom of the 2nd over - 2 run(s), 2 hit(s), 0 error(s), 2 left on base; Casper 1 - Lannister United 2
TOP OF THE 3RD
Casper Ghosts batting - Pitching for Lannister United Lionhearts : RHP Enrique García
Batting: LHB Terry Johnson 0-0: Ball
1-0: Called Strike
1-1: Foul Ball, location: 2F
1-2: Ball
2-2: Strikes out swinging
Batting: SHB José Juárez 0-0: Called Strike
0-1: Ball
1-1: Foul Ball, location: 2F
1-2: Strikes out looking
Batting: RHB Dave Young 0-0: Swinging Strike
0-1: Foul Ball, location: 2F
0-2: Foul Ball, location: 2F
0-2: Ball
1-2: Foul Ball, location: 2F
1-2: Foul Ball, location: 2F
1-2: Strikes out swinging
Top of the 3rd over - 0 run(s), 0 hit(s), 0 error(s), 0 left on base; Casper 1 - Lannister United 2
BOTTOM OF THE 3RD
Lannister United Lionhearts batting - Pitching for Casper Ghosts : LHP Jeffrey Brown
Batting: RHB Joe Runyon 0-0: Foul Ball, location: 2F
0-1: Foul Ball, location: 2F
0-2: Ball
1-2: Fly out, F8 (Popup, 6D)
Batting: LHB Kenko Ueda 0-0: Ground out 4-3 (Groundball, 4)
Batting: RHB Chris Hopkins 0-0: Ball
1-0: Ground out 4-3 (Groundball, 4)
Bottom of the 3rd over - 0 run(s), 0 hit(s), 0 error(s), 0 left on base; Casper 1 - Lannister United 2
TOP OF THE 4TH
Casper Ghosts batting - Pitching for Lannister United Lionhearts : RHP Enrique García
Batting: RHB Lorenzo Díaz 0-0: Called Strike
0-1: Ball
1-1: Swinging Strike
1-2: Strikes out swinging
Batting: RHB Seon-keun Kim 0-0: Ball
1-0: Ball
2-0: Fly out, F3 (Popup, 3DF)
Batting: SHB Tim Fowler 0-0: Ball
1-0: Foul Ball, location: 2F
1-1: Ball
2-1: Ball
3-1: Fly out, F1 (Line Drive, 13)
Top of the 4th over - 0 run(s), 0 hit(s), 0 error(s), 0 left on base; Casper 1 - Lannister United 2
BOTTOM OF THE 4TH
Lannister United Lionhearts batting - Pitching for Casper Ghosts : LHP Jeffrey Brown
Batting: RHB Pedro Herrera 0-0: Fly out, F8 (Flyball, 8LM)
Batting: RHB Cale Beazley 0-0: Ball
1-0: Ball
2-0: Called Strike
2-1: Ball
3-1: Foul Ball, location: 2F
3-2: Strikes out looking
Batting: LHB Carl Duncan 0-0: Ball
1-0: Foul Ball, location: 2F
1-1: Foul Ball, location: 2F
1-2: Foul Ball, location: 2F
1-2: Ball
2-2: Foul Ball, location: 2F
2-2: Ball
3-2: SINGLE (Groundball, 34D)
Batting: RHB Bartolo Martínez 0-0: Ball
1-0: Ball
2-0: Fly out, F9 (Flyball, 9LS)
Bottom of the 4th over - 0 run(s), 1 hit(s), 0 error(s), 1 left on base; Casper 1 - Lannister United 2
TOP OF THE 5TH
Casper Ghosts batting - Pitching for Lannister United Lionhearts : RHP Enrique García
Batting: LHB Harrison Jones 0-0: Ball
1-0: Ball
2-0: Foul Ball, location: 2F
2-1: Ball
3-1: Called Strike
3-2: Foul Ball, location: 2F
3-2: Base on Balls
Batting: RHB Warner Robinson 0-0: Ball
1-0: Bunted foul
1-1: Ball
2-1: Sac Bunt - play at first, batter OUT! 3-4
Harrison Jones to second
Batting: RHB Mark Davis 0-0: Ball
1-0: Ball
Harrison Jones steals 3rd base
2-0: Ball
3-0: Called Strike
3-1: Base on Balls
Batting: LHB Terry Johnson 0-0: Ball
1-0: Ball
2-0: Fly out, F8 (Flyball, 8RD)
Runner from 3rd tags up, SCORES, no throw
Batting: SHB José Juárez 0-0: Ball
1-0: Foul Ball, location: 2F
1-1: Fly out, F6 (Popup, 6D)
Top of the 5th over - 1 run(s), 0 hit(s), 0 error(s), 1 left on base; Casper 2 - Lannister United 2
BOTTOM OF THE 5TH
Lannister United Lionhearts batting - Pitching for Casper Ghosts : LHP Jeffrey Brown
Batting: RHB Curt Monroe 0-0: Called Strike
0-1: Ball
1-1: Bunt for hit - play at first, batter OUT! 1-3
Batting: RHB Tristan Kuhn 0-0: Swinging Strike
0-1: Foul Ball, location: 2F
0-2: Strikes out swinging
Batting: RHB Joe Runyon 0-0: Ball
1-0: Foul Ball, location: 2F
1-1: Swinging Strike
1-2: Ball
2-2: SINGLE (Line Drive, 4D)
Batting: LHB Kenko Ueda 0-0: Fly out, F5 (Popup, 5SF)
Bottom of the 5th over - 0 run(s), 1 hit(s), 0 error(s), 1 left on base; Casper 2 - Lannister United 2
TOP OF THE 6TH
Casper Ghosts batting - Pitching for Lannister United Lionhearts : RHP Enrique García
Pitching: RHP Mauro Marín
Batting: RHB Dave Young 0-0: Ball
1-0: SINGLE (Line Drive, 34D)
Batting: RHB Lorenzo Díaz 0-0: Ball
1-0: Fielders Choice at 2nd, 5-4 (Groundball, 5L)
Batting: RHB Seon-keun Kim 0-0: Ball
1-0: Fly out, F7 (Flyball, 7S)
Batting: SHB Tim Fowler 0-0: Called Strike
0-1: Ball
1-1: Ball
2-1: Foul Ball, location: 2F
2-2: Foul Ball, location: 2F
2-2: Strikes out looking
Top of the 6th over - 0 run(s), 1 hit(s), 0 error(s), 1 left on base; Casper 2 - Lannister United 2
BOTTOM OF THE 6TH
Lannister United Lionhearts batting - Pitching for Casper Ghosts : LHP Jeffrey Brown
Batting: RHB Chris Hopkins 0-0: SINGLE (Groundball, 56D)
Batting: RHB Pedro Herrera 0-0: Called Strike
0-1: Ball
1-1: Ball
2-1: Foul Ball, location: 2F
2-2: Strikes out swinging
Batting: RHB Cale Beazley 0-0: Called Strike
0-1: Called Strike
0-2: Ball
1-2: Foul Ball, location: 2F
1-2: Ball
2-2: Ball
3-2: SINGLE (Flyball, 78M)
Chris Hopkins to second
Batting: LHB Carl Duncan 0-0: Ball
1-0: SINGLE (Flyball, 89S)
Chris Hopkins to third
Cale Beazley to second
Runner from 3rd tries for Home, SAFE, throw made home
Batting: RHB Bartolo Martínez 0-0: Ball
1-0: Ball
2-0: Foul Ball, location: 2F
2-1: Called Strike
2-2: Foul Ball, location: 2F
2-2: Strikes out swinging
Batting: RHB Curt Monroe 0-0: Ball
1-0: Called Strike
1-1: Ball
2-1: Foul Ball, location: 2F
2-2: Ball
3-2: Foul Ball, location: 2F
3-2: Base on Balls
Cale Beazley to third
Carl Duncan to second
Batting: RHB Tristan Kuhn 0-0: Ball
1-0: Swinging Strike
1-1: Called Strike
1-2: Ground out 6-3 (Groundball, 6)
Bottom of the 6th over - 1 run(s), 3 hit(s), 0 error(s), 3 left on base; Casper 2 - Lannister United 3
TOP OF THE 7TH
Casper Ghosts batting - Pitching for Lannister United Lionhearts : RHP Mauro Marín
Batting: LHB Harrison Jones 0-0: Called Strike
0-1: Ball
1-1: Ball
2-1: Ball
3-1: Base on Balls
Batting: RHB Warner Robinson 0-0: Sac Bunt - play at first, batter OUT! 2-4
Harrison Jones to second
Pinch Hitting: RHB Ron Coffman 0-0: Ball
1-0: Ball
2-0: SINGLE (Groundball, 34D)
Harrison Jones to third
Runner from 3rd tries for Home, throw and OUT!
Ron Coffman to second
Pinch Hitting: SHB Jim Unknown 0-0: Ball
1-0: Swinging Strike
1-1: Ground out 4-3 (Groundball, 4)
Top of the 7th over - 0 run(s), 1 hit(s), 0 error(s), 1 left on base; Casper 2 - Lannister United 3
BOTTOM OF THE 7TH
Lannister United Lionhearts batting - Pitching for Casper Ghosts : LHP Jeffrey Brown
Now in LF: Ron Coffman
Now in RF: Jim Unknown
Batting: RHB Joe Runyon 0-0: Called Strike
0-1: Fly out, F9 (Flyball, 89M)
Batting: LHB Kenko Ueda 0-0: Foul Ball, location: 2F
0-1: Called Strike
0-2: Ground out 4-3 (Groundball, 4)
Batting: RHB Chris Hopkins 0-0: Ball
1-0: Foul Ball, location: 2F
1-1: Called Strike
1-2: Fly out, F8 (Flyball, 8LM)
Bottom of the 7th over - 0 run(s), 0 hit(s), 0 error(s), 0 left on base; Casper 2 - Lannister United 3
TOP OF THE 8TH
Casper Ghosts batting - Pitching for Lannister United Lionhearts : RHP Mauro Marín
Batting: SHB José Juárez 0-0: Called Strike
0-1: Ground out U3 (Groundball, 3)
Pitching: RHP Tom Rosas
Batting: RHB Dave Young 0-0: Ball
1-0: Foul Ball, location: 2F
1-1: Ball
2-1: Called Strike
2-2: Foul Ball, location: 2F
2-2: Foul Ball, location: 2F
2-2: Foul Ball, location: 2F
2-2: Foul Ball, location: 2F
2-2: Ball
3-2: Foul Ball, location: 2F
3-2: Strikes out swinging
Batting: RHB Lorenzo Díaz 0-0: Foul Ball, location: 2F
0-1: Ball
1-1: Foul Ball, location: 2F
1-2: Ball
2-2: Ground out 4-3 (Groundball, 4M)
Top of the 8th over - 0 run(s), 0 hit(s), 0 error(s), 0 left on base; Casper 2 - Lannister United 3
BOTTOM OF THE 8TH
Lannister United Lionhearts batting - Pitching for Casper Ghosts : LHP Jeffrey Brown
Pitching: LHP Jim Unknown
Batting: RHB Pedro Herrera 0-0: Swinging Strike
0-1: Ball
1-1: Called Strike
1-2: Foul Ball, location: 2F
1-2: Ball
2-2: SINGLE (Line Drive, 8RS)
Batting: RHB Cale Beazley 0-0: Bunted foul
0-1: Bunt missed!
0-2: Foul Ball, location: 2F
0-2: Foul Ball, location: 2F
0-2: Foul Ball, location: 2F
0-2: Ball
1-2: Ground out 5-3 (Groundball, 56)
Pedro Herrera to second
Pinch Hitting: RHB Jorge Féliz 0-0: Ball
1-0: Ground out 6-3 (Groundball, 6)
Pedro Herrera to third
Batting: RHB Bartolo Martínez 0-0: Called Strike
0-1: Foul Ball, location: 2F
0-2: Ball
1-2: Ball
2-2: Ball
3-2: Base on Balls
Pinch Hitting: RHB Javier Chávez 0-0: Called Strike
0-1: Ball
1-1: Ball
2-1: Ball
3-1: Foul Ball, location: 2F
3-2: SINGLE (Groundball, 6D)
Pedro Herrera scores
Bartolo Martínez to second
Bartolo Martínez to third
Batting: RHB Tristan Kuhn 0-0: Called Strike
0-1: Ball
1-1: Called Strike
1-2: Ball
2-2: Ball
3-2: Base on Balls
Javier Chávez to second
Batting: RHB Joe Runyon 0-0: Called Strike
0-1: Ball
1-1: Called Strike
1-2: Foul Ball, location: 2F
1-2: SINGLE (Groundball, 4D) (infield hit)
Bartolo Martínez scores
Javier Chávez to third
Tristan Kuhn to second
Pinch Hitting: RHB Carlos Pacheco 0-0: Called Strike
0-1: Foul Ball, location: 2F
0-2: Strikes out swinging
Bottom of the 8th over - 2 run(s), 3 hit(s), 0 error(s), 3 left on base; Casper 2 - Lannister United 5
TOP OF THE 9TH
Casper Ghosts batting - Pitching for Lannister United Lionhearts : RHP Tom Rosas
Pitching: RHP Kent Hubbard
Now at 1B: Edgar Carrillo
Now in CF: Edward Carlson
Now in RF: Jorge Féliz
Batting: RHB Seon-keun Kim 0-0: Ball
1-0: Foul Ball, location: 2F
1-1: Called Strike
1-2: Ball
2-2: Strikes out looking
Batting: SHB Tim Fowler 0-0: DOUBLE (Line Drive, 9M)
Batting: LHB Harrison Jones 0-0: Called Strike
0-1: Ball
1-1: Swinging Strike
1-2: Ball
2-2: Fly out, F9 (Line Drive, 89S)
Batting: RHB Warner Robinson 0-0: Ball
1-0: SINGLE (Flyball, 89S)
Tim Fowler to third
Runner from 3rd tries for Home, SAFE, no throw or cutoff
Batting: RHB Ron Coffman 0-0: Called Strike
0-1: Foul Ball, location: 2F
0-2: Ball
1-2: Ball
2-2: Ball
3-2: Base on Balls
Warner Robinson to second
Batting: SHB Jim Unknown 0-0: Called Strike
0-1: Ball
1-1: Called Strike
1-2: Strikes out swinging
Top of the 9th over - 1 run(s), 2 hit(s), 0 error(s), 2 left on base; Casper 3 - Lannister United 5
This league is powered by Out of the Park Baseball, the baseball management simulation game for PC, Mac and Linux
Friday, January 22nd, 2016 - OOTP Baseball 16.9 Build 39